 Dungeon Crawl Stone Soup version 0.19.4-12-gccf7e64 (webtiles) character file.

15077 Magnus the Spear-Bearer (level 12, -6/93 HPs)
             Began as a Human Monk on Feb 27, 2017.
             Was an Elder of Kikubaaqudgha.
             Mangled by a minotaur
             ... wielding the +9 rapier "Sarraqos" {freeze, +Fly rPois rN+}
              (28 damage)
             ... in a labyrinth.
             The game lasted 01:12:36 (23698 turns).

Magnus the Spear-Bearer (Human Monk)               Turns: 23698, Time: 01:12:36

Health: -6/93      AC: 18    Str: 15    XL:     12   Next: 53%
Magic:  12/12      EV: 18    Int: 12    God:    Kikubaaqudgha [****..]
Gold:   321        SH:  0    Dex: 16    Spells: 0 memorised, 11 levels left

rFire  x . .     SeeInvis .     O - +0 trident
rCold  + + .     Gourm    .     l - +1 ring mail {rC+}
rNeg   . . .     Faith    .     (no shield)
rPois  .         Spirit   .     F - +2 helmet
rElec  .         Reflect  .     E - +0 cloak
rCorr  .         Harm     .     p - +2 pair of gloves
MR     .....                    h - +1 pair of boots
Stlth  ..........               (no amulet)
                                P - +3 ring of evasion
                                M - ring of ice

@: confused, very slightly contaminated, invisible
A: rugged brown scales 1
a: Receive Corpses, Renounce Religion


You were in a labyrinth.
You worshipped Kikubaaqudgha.
Kikubaaqudgha was greatly pleased with you.
You were hungry.

You visited 3 branches of the dungeon, and saw 13 of its levels.
You also visited: Labyrinth, Sewer and Volcano.

You collected 591 gold pieces.
You spent 270 gold pieces at shops.

Inventory:

Hand Weapons
 a - a +1 spear
 N - a +0 halberd
 O - a +0 trident (weapon)
Missiles
 i - 2 javelins
 U - 2 throwing nets (quivered)
Armour
 h - a +1 pair of boots (worn)
 l - a +1 ring mail of cold resistance (worn)
 p - a +2 pair of gloves (worn)
 q - a +0 scale mail of fire resistance
 E - a +0 cloak (worn)
 F - a +2 helmet (worn)
Jewellery
 j - an uncursed ring of protection from magic
 n - an uncursed ring of positive energy
 o - an uncursed ring of flight
 r - an uncursed ring of protection from fire {unknown}
 w - an uncursed ring of resist corrosion
 x - an uncursed ring of see invisible
 H - the amulet of Qilot {RegenMP MP-9 SInv Stlth+}
   (You found it on level 5 of the Dungeon)

   [amulet of magic regeneration]

   It increases your magic regeneration.
   It affects your magic capacity (-9).
   It lets you see invisible.
   It makes you more stealthy.
 M - a ring of ice (left hand)
 P - a +3 ring of evasion (right hand)
Wands
 C - a wand of disintegration (7/24)
 K - a wand of teleportation (4/9)
 L - a wand of iceblast (2/15)
 Q - a wand of digging (12/24)
 R - a wand of disintegration (10/24)
 S - a wand of slowing (28/48)
Scrolls
 f - 4 scrolls of teleportation
 k - 3 scrolls of fog
 m - a scroll of enchant weapon
 t - a scroll of amnesia
 y - 4 scrolls of remove curse
 J - a scroll of blinking
Potions
 s - 2 potions of cure mutation
 G - 2 potions of flight
 I - a potion of curing
Books
 b - Kikubaaqudgha's Collected Works on Darkness
   (Kikubaaqudgha gifted it to you on level 6 of the Dungeon)

   Spells                             Type                      Level
   a - Animate Dead                   Necromancy                   4
   b - Excruciating Wounds            Charms/Necromancy            5
   c - Bolt of Draining               Conjuration/Necromancy       5
   d - Cigotuvi's Embrace             Necromancy                   5
   e - Dispel Undead                  Necromancy                   5
 D - Kikubaaqudgha's Disquisition on Darkness
   (Kikubaaqudgha gifted it to you in the Ecumenical Temple)

   Spells                             Type                      Level
   a - Pain                           Necromancy                   1
   b - Corpse Rot                     Necromancy                   2
   c - Sublimation of Blood           Necromancy                   2
   d - Vampiric Draining              Necromancy                   3
   e - Control Undead                 Necromancy                   4
 V - a book of Necromancy

   Spells                             Type                      Level
   a - Pain                           Necromancy                   1
   b - Animate Skeleton               Necromancy                   1
   c - Vampiric Draining              Necromancy                   3
   d - Regeneration                   Charms/Necromancy            3
   e - Animate Dead                   Necromancy                   4
   f - Control Undead                 Necromancy                   4
Comestibles
 c - 7 bread rations
 g - 5 meat rations
 v - 7 slices of pizza
 z - 8 beef jerkies
 A - 3 fruits


   Skills:
 - Level 7.2 Fighting
 - Level 14.2 Polearms
 - Level 6.1 Armour
 - Level 7.0 Dodging
 - Level 2.0 Stealth
 + Level 7.3 Necromancy


You had 11 spell levels left.
You didn't know any spells.

Dungeon Overview and Level Annotations

Branches:
Dungeon (11/15)            Temple (1/1) D:5            Lair (1/6) D:9
    Orc: D:9-12

Altars:
Ashenzari
Cheibriados
Fedhas
Gozag
Kikubaaqudgha
Makhleb
Okawaru
The Shining One

Shops:
D:6 *   D:9 =

Annotations:
D:6 Jynx's ghost, novice MiFi
D:10 lolicon's ghost, novice MiGl


Innate Abilities, Weirdness & Mutations

You are partially covered in rugged brown scales. (AC +1, +3% HP)


Message History

The minotaur barely misses you.
You hit the minotaur.
The minotaur is heavily wounded.
You hit the minotaur but do no damage.
The minotaur is heavily wounded.
The minotaur hits you with a sapphire rapier {freeze}!!
* * * LOW HITPOINT WARNING * * *
The minotaur freezes you.
* * * LOW HITPOINT WARNING * * *
The minotaur completely misses you.
You are confused.
You feel invigorated.
The minotaur hits you with a sapphire rapier {freeze}.
* * * LOW HITPOINT WARNING * * *
The minotaur gores you but does no damage.
Unknown command.
You bump into the metal wall.
The minotaur hits you with a sapphire rapier {freeze}!!
You die...
Kikubaaqudgha rasps: "You have failed me!
Welcome... death!"

### ## ...
#...
#.###.#.#
#.#.#...
###.#.# # .
.#...#
#####.#...###
#..@H.......#
#
#..###'###.##
.. #..#.....
.#..###.### #
# ...# ... #
###. <≈ #. #
#..#≈≈≈≈≈ ##
##.### ## # .
.# #.. . ..
..


You could see a minotaur.

Vanquished Creatures
  A hydra (D:9)
  2 wizards (Volcano)
  A hill giant (D:10)
  Pikel (D:7)
  The ghost of Naow the Destroyer, a novice DECj of Vehumet (D:8)
  3 spiny frogs
  3 komodo dragons (Lair:1)
  A troll (D:9)
  A hornet (D:9)
  A minotaur skeleton (Lab)
  2 hippogriffs
  A wyvern (D:9)
  10 yaks
  Sigmund (D:6)
  3 hogs (D:7)
  A human (D:7)
  A basilisk (Lair:1)
  2 hungry ghosts
  Menkaure (D:7)
  5 water moccasins
  2 hell hounds (Lair:1)
  4 orc warriors
  4 ice beasts
  A slave (D:7)
  A black bear (D:7)
  3 sky beasts
  5 centaurs
  7 ogres
  3 phantoms
  5 wolves (Lair:1)
  2 crocodiles
  3 big kobolds (D:9)
  8 bullfrogs
  A gnoll sergeant (D:8)
  A wyvern zombie (D:10)
  A scorpion (D:9)
  7 killer bees
  4 wights
  3 howler monkeys
  4 crimson imps
  A quasit (D:8)
  7 orc priests
  8 hounds
  2 jellies
  10 orc wizards
  2 iguanas
  8 worker ants
  A killer bee zombie (D:6)
  2 hound skeletons
  2 worker ant zombies (D:5)
  11 gnolls
  10 adders
  2 shadow imps
  2 oozes
  An adder skeleton (D:6)
  2 worms
  A dart slug (D:1)
  7 leopard geckos
  32 orcs
  8 bats
  5 giant cockroaches
  A goblin (D:2)
  5 hobgoblins
  29 jackals
  3 quokkas
  5 frilled lizards
  2 jackal skeletons
  A jackal zombie (D:6)
  20 kobolds
  A leopard gecko skeleton (D:4)
  A quokka skeleton (D:6)
  12 rats
315 creatures vanquished.

Vanquished Creatures (others)
  A worker ant (D:7)
  A giant cockroach (D:8)
  A plant (Lair:1)
3 creatures vanquished.

Grand Total: 318 creatures vanquished

Notes
Turn   | Place    | Note
-------+----------+-------------------------------------------
     0 | D:1      | Magnus the Human Monk began the quest for the Orb.
     0 | D:1      | Reached XP level 1. HP: 18/18 MP: 1/1
   311 | D:1      | Reached XP level 2. HP: 19/24 MP: 2/2
  1072 | D:2      | Reached skill level 4 in Polearms
  1072 | D:2      | Reached XP level 3. HP: 29/29 MP: 3/3
  1684 | D:2      | Reached XP level 4. HP: 32/35 MP: 4/4
  1924 | D:2      | Found a burning altar of Makhleb.
  2265 | D:3      | Reached skill level 5 in Polearms
  2727 | D:3      | Reached XP level 5. HP: 35/41 MP: 5/5
  2906 | D:4      | Noticed a phantom
  3097 | D:4      | Killed a phantom
  3097 | D:4      | Reached skill level 6 in Polearms
  3458 | D:4      | Reached XP level 6. HP: 47/47 MP: 6/6
  3975 | D:4      | Noticed an ogre
  3986 | D:4      | Killed an ogre
  3986 | D:4      | Reached skill level 7 in Polearms
  4331 | D:4      | Reached XP level 7. HP: 52/52 MP: 7/7
  4719 | D:5      | Entered Level 5 of the Dungeon
  4736 | D:5      | Found a staircase to the Ecumenical Temple.
  4751 | D:5      | Reached skill level 8 in Polearms
  5025 | Temple   | Entered the Ecumenical Temple
  5032 | Temple   | Became a worshipper of Kikubaaqudgha
  5032 | Temple   | Reached * piety under Kikubaaqudgha
  5032 | Temple   | Identified Kikubaaqudgha's Disquisition on Darkness (Kikubaaqudgha gifted it to you in the Ecumenical Temple)
  5032 | Temple   | Received a gift from Kikubaaqudgha
  5032 | Temple   | Reached ** piety under Kikubaaqudgha
  5131 | D:5      | Found a glowing drain.
  5140 | Sewer    | Entered a sewer
  5247 | Sewer    | Reached XP level 8. HP: 35/58 MP: 8/8
  5509 | D:5      | Reached skill level 9 in Polearms
  5517 | D:5      | Got a heavily runed ruby amulet
  5520 | D:5      | Identified the amulet of Qilot {RegenMP MP-9 SInv Stlth+} (You found it on level 5 of the Dungeon)
  5577 | D:5      | Noticed a hill giant
  6519 | D:5      | Reached skill level 10 in Polearms
  6887 | D:6      | Found Meur's General Store.
  7001 | D:6      | Noticed Jynx's ghost (novice MiFi)
  7156 | D:6      | Reached XP level 9. HP: 56/63 MP: 0/9
  7331 | D:6      | Reached skill level 11 in Polearms
  7833 | D:6      | Reached *** piety under Kikubaaqudgha
  7833 | D:6      | Identified Kikubaaqudgha's Collected Works on Darkness (Kikubaaqudgha gifted it to you on level 6 of the Dungeon)
  7833 | D:6      | Received a gift from Kikubaaqudgha
  8064 | D:6      | Bought 3 scrolls of enchant armour for 270 gold pieces
  8101 | D:6      | Noticed Sigmund
  8111 | D:6      | Killed Sigmund
  8769 | D:6      | Reached skill level 12 in Polearms
  9656 | D:7      | Found a shattered altar of Ashenzari.
  9676 | D:7      | Found a glowing golden altar of the Shining One.
  9970 | D:7      | Noticed Pikel
 10007 | D:7      | Killed Pikel
 10007 | D:7      | Reached skill level 13 in Polearms
 10007 | D:7      | Reached XP level 10. HP: 38/70 MP: 1/10
 10286 | D:7      | Noticed Menkaure
 10292 | D:7      | Killed Menkaure
 10498 | D:7      | Reached skill level 14 in Polearms
 11122 | D:8      | Noticed Naow's ghost (novice DECj)
 11149 | D:8      | Killed Naow's ghost
 11149 | D:8      | Reached skill level 1 in Armour
 11149 | D:8      | Reached skill level 1 in Necromancy
 12390 | D:8      | Reached XP level 11. HP: 40/77 MP: 2/11
 12584 | D:8      | Reached **** piety under Kikubaaqudgha
 14684 | D:9      | Found Liolaipp's Jewellery Emporium.
 14713 | D:9      | Reached skill level 5 in Fighting
 14713 | D:9      | Reached skill level 5 in Dodging
 14825 | D:9      | Paralysed by a hornet for 3 turns
 15485 | D:9      | Found a staircase to the Lair.
 15636 | D:9      | Found a snail-covered altar of Cheibriados.
 15678 | Lair:1   | Entered Level 1 of the Lair of Beasts
 16018 | Lair:1   | Found a dark tunnel.
 16161 | Volcano  | Entered a volcano
 16221 | Volcano  | Noticed a toenail golem
 16221 | Volcano  | Noticed a wizard
 16221 | Volcano  | Noticed a toenail golem
 16242 | Volcano  | Noticed a wizard
 16262 | Volcano  | Killed a wizard
 16286 | Volcano  | Noticed a wizard
 16294 | Volcano  | Killed a wizard
 16294 | Volcano  | Reached skill level 5 in Necromancy
 16425 | Volcano  | Noticed a wizard
 16425 | Volcano  | Noticed a toenail golem
 16425 | Volcano  | Noticed a wizard
 17205 | Lair:1   | Reached skill level 5 in Armour
 17363 | Lair:1   | Noticed an eight-headed hydra
 17413 | D:9      | Reached XP level 12. HP: 59/88 MP: 12/12
 17616 | D:9      | HP: 2/132 [eight-headed hydra (5)]
 17617 | D:9      | Killed an eight-headed hydra
 18147 | Lair:1   | Gained mutation: You are partially covered in rugged brown scales. (AC +1, +3% HP) [potion of beneficial mutation]
 19265 | D:10     | Entered Level 10 of the Dungeon
 20318 | D:10     | Noticed lolicon's ghost (novice MiGl)
 23060 | D:11     | Found a labyrinth entrance.
 23070 | Lab      | Entered a labyrinth
 23662 | Lab      | Noticed a minotaur
 23698 | Lab      | Identified the +9 rapier "Sarraqos" {freeze, +Fly rPois rN+}
 23698 | Lab      | Mangled by a minotaur

Skill      XL: |  1  2  3  4  5  6  7  8  9 10 11 12 |
---------------+-------------------------------------+-----
Polearms       | 4 5 6 7 8 10 13 14 | 14.2
Armour         | 2 5 6 |  6.1
Necromancy     | 2 5 7 |  7.3
Fighting       | 4 6 7 |  7.2
Dodging        | 4 6 7 |  7.0
Stealth        | |  2.0

Action                   |  1- 3 |  4- 6 |  7- 9 | 10-12 || total
-------------------------+-------+-------+-------+-------++-------
Melee: Spear             |   161 |   186 |   664 |    90 ||  1101
       Trident           |       |       |   132 |  1517 ||  1649
Throw: Javelin           |       |     9 |     7 |     5 ||    21
       Throwing net      |       |       |       |     1 ||     1
  Use: Scroll            |       |     7 |     3 |    16 ||    26
       Potion            |       |       |     1 |    16 ||    17
 Stab: Sleeping          |     1 |     4 |     8 |     6 ||    19
       Invisible         |       |       |       |     7 ||     7
       Distracted        |       |       |       |     1 ||     1
  Eat: Chunk             |     2 |     7 |    14 |    38 ||    61
       Meat ration       |       |       |     1 |       ||     1
       Pizza             |       |       |     1 |     1 ||     2
       Royal jelly       |       |       |       |     1 ||     1
       Fruit             |       |       |       |     7 ||     7
Armor: Ring mail         |    58 |    51 |   144 |   355 ||   608
       Skin              |       |       |     2 |       ||     2
       Robe              |       |       |       |     1 ||     1
Dodge: Dodged            |    87 |    72 |   245 |   663 ||  1067
